 Dungeon Crawl Stone Soup version 0.23-a0-629-gae4348f6cf (webtiles) character file.

2100 Napalmbreeze the Basher (level 9, -1/57 HPs)
             Began as a Gargoyle Fighter on Dec 25, 2018.
             Was a Follower of Okawaru.
             Killed by divine providence
             ... invoked by an orc priest
              (19 damage)
             ... on level 6 of the Dungeon.
             The game lasted 00:15:57 (6100 turns).

Napalmbreeze the Basher (Gargoyle Fighter)          Turns: 6100, Time: 00:15:58

Health: -1/57      AC: 26    Str: 23    XL:     9   Next: 28%
Magic:  12/12      EV: 10    Int:  9    God:    Okawaru [*.....]
Gold:   370        SH:  0    Dex:  9    Spells: 8/8 levels left

rFire    . . .     SeeInvis +   A - +0 flail (protect)
rCold    + . .     Gourm    .   (no shield)
rNeg     + . .     Faith    .   a - +2 scale mail {rC+}
rPois    ∞         Spirit   .   m - +1 hat
rElec    +         Reflect  .   t - +0 cloak
rCorr    .         Harm     +   d - +0 pair of gloves
MR       .....                  (no boots)
Stlth    ..........             l - amulet of harm
HPRegen  0.19/turn              w - ring of see invisible
MPRegen  0.13/turn              (no ring)

@: protection aura
A: negative energy resistance 1, electricity resistance, unbreathing,
petrification resistance, rot immunity, AC +6
a: Heroism, Renounce Religion


You were on level 6 of the Dungeon.
You worshipped Okawaru.
Okawaru was aware of your devotion.
You were not hungry.

You visited 2 branches of the dungeon, and saw 7 of its levels.

You collected 370 gold pieces.

Inventory:

Hand Weapons
 A - a +0 flail of protection (weapon)
Armour
 a - a +2 scale mail of cold resistance (worn)
 c - a +0 shield
 d - a +0 pair of gloves (worn)
 m - a +1 hat (worn)
 t - a +0 cloak (worn)
Jewellery
 l - an amulet of harm (around neck)
 q - an uncursed ring of fire {unknown}
 w - a ring of see invisible (left hand)
Wands
 p - a wand of flame (42)
 B - a wand of iceblast (6)
Scrolls
 e - a scroll of identify
 h - 2 scrolls of blinking
 j - 2 scrolls of teleportation
 n - a scroll of magic mapping
 s - a scroll of enchant armour
 v - a scroll of noise
 x - a scroll of enchant weapon
 y - 2 scrolls of amnesia
 C - a scroll of random uselessness {unknown}
Potions
 b - a potion of heal wounds
 g - a potion of cancellation {unknown}
 i - a potion of haste
 k - a potion of resistance {unknown}
 r - a potion of curing
 u - a potion of agility {unknown}
 z - 2 potions of lignification
Comestibles
 f - 18 rations
 o - 4 chunks of flesh


   Skills:
 + Level 7.0 Fighting
 * Level 8.2 Maces & Flails
 + Level 7.0 Armour
 - Level 3.2 Shields
 + Level 4.0 Invocations


You had 8 spell levels left.
You didn't know any spells.
Your spell library contained the following spells:

 Spells                   Type           Power        Failure   Level  Hunger
 Corona                   Hex            #......      67%         1    ##.....
 Slow                     Hex            #.......     80%         2    ###....
 Inner Flame              Hex/Fire       #.......     95%         3    ####...
 Portal Projectile        Hex/Tloc       #.....       95%         3    ####...
 Cause Fear               Hex            #.........   100%        4    #####..
 Leda's Liquefaction      Hex/Erth       #.........   100%        4    #####..


Dungeon Overview and Level Annotations

Branches:
Dungeon (6/15)             Temple (1/1) D:5

Altars:
Ashenzari
Cheibriados
Dithmenos
Elyvilon
Fedhas
Gozag
Hepliaklqana
Kikubaaqudgha
Makhleb
Nemelex Xobeh
Okawaru
Qazlal
Ru
Sif Muna
Trog
Uskayaw
Vehumet
Wu Jian
Xom
Yredelemnul
Zin
The Shining One

Shops:
D:4 [

Annotations:
D:4 Eustachio


Innate Abilities, Weirdness & Mutations

You are resistant to torment.
Your stone body is resilient. (AC +6)
You are immune to poison.
You resist negative energy. (rN+)
You are resistant to electric shocks. (rElec)
You can survive without breathing.
You are immune to petrification.
You are immune to rotting.


Message History

The orc priest hits you but does no damage.
You bludgeon the orc wizard!!
You kill the orc wizard!
Okawaru accepts your kill.
Your Fighting skill increases to level 7!
The orc priest hits you but does no damage.
You barely miss the orc priest.
The orc priest hits you but does no damage.
You hit the orc priest.
The orc priest is moderately wounded.
The orc priest calls down the wrath of Beogh upon you.
Pain shoots through your body!
You hit the orc priest.
The orc priest is heavily wounded.
The orc priest hits you but does no damage.
You barely miss the orc priest.
The orc priest is heavily wounded.
The orc priest calls down the wrath of Beogh upon you.
Beogh smites you!
You die...

..###.#####.#.....########.#.#
......# #.#.#
#............#### #[....#
#.#.###.#####.##.......
#.....# #.......# #.########.
#....## ###.###.# #.# #.
#.#..# #.# #.# #.# #.
#.#..########.# #.# #.# #.
#.#.........>.###.# ###.# #.
#.#..........)oo@<###.#.# #.
#............####(##.#..# #.
############.# #.(((...# #.
#.# ####.(.#########. #.#
#..)............ #.#
#.##.########### #.# #.##.# #
#.# #.##.# # #.# #.##.# #


You could see an orc priest and an orc.

Vanquished Creatures
  Grinder (D:4)
  Sigmund (D:2)
  Menkaure (D:4)
  An orc warrior (D:5)
  An ice beast (D:5)
  2 phantoms
  2 centaurs (D:6)
  A bullfrog (D:6)
  A howler monkey (D:6)
  2 crimson imps (D:5)
  A centaur zombie (D:5)
  2 bullfrog skeletons (D:5)
  2 hounds (D:4)
  2 jellies
  3 orc priests
  Crazy Yiuf (D:2)
  Jessica (D:2)
  3 iguanas
  4 orc wizards
  Natasha (thrice) (D:3)
  2 worker ants
  2 hound skeletons
  A howler monkey zombie (D:6)
  Robin (D:2)
  A howler monkey skeleton (D:6)
  3 gnolls (D:4)
  6 adders
  A shadow imp (D:5)
  3 oozes
  An adder skeleton (D:4)
  3 worms (D:3)
  3 dart slugs (D:1)
  8 leopard geckos
  16 orcs
  A ball python (D:1)
  5 giant cockroaches
  12 goblins
  8 hobgoblins
  2 jackals (D:1)
  2 quokkas
  5 bats
  9 frilled lizards
  4 kobolds
  2 quokka skeletons
  8 rats
  A fungus (D:2)
145 creatures vanquished.

Notes
Turn   | Place    | Note
-------+----------+-------------------------------------------
     0 | D:1      | Napalmbreeze the Gargoyle Fighter began the quest for the
                  | Orb.
     0 | D:1      | Reached XP level 1. HP: 14/14 MP: 1/1
    82 | D:1      | Reached XP level 2. HP: 19/19 MP: 2/2
   292 | D:1      | Reached XP level 3. HP: 23/23 MP: 3/3
   371 | D:1      | Reached skill level 3 in Maces & Flails
   903 | D:2      | Noticed Sigmund
   967 | D:2      | Reached XP level 4. HP: 20/29 MP: 4/4
  1212 | D:2      | Noticed Robin
  1221 | D:2      | Killed Robin
  1347 | D:2      | Killed Sigmund
  1347 | D:2      | Reached skill level 4 in Maces & Flails
  1347 | D:2      | Reached XP level 5. HP: 13/34 MP: 5/5
  1347 | D:2      | Reached XP level 6. HP: 14/39 MP: 6/6
  1742 | D:2      | Noticed Jessica
  1747 | D:2      | Killed Jessica
  1982 | D:2      | Found a runed door.
  1986 | D:2      | Noticed Crazy Yiuf
  1995 | D:2      | Killed Crazy Yiuf
  2167 | D:3      | Noticed Natasha
  2173 | D:3      | Killed Natasha
  2286 | D:3      | Reached skill level 5 in Maces & Flails
  2369 | D:3      | Reached skill level 5 in Armour
  2679 | D:3      | Found a sparkling altar of Nemelex Xobeh.
  2692 | D:3      | Noticed Natasha
  2698 | D:3      | Killed Natasha
  2698 | D:3      | Reached skill level 5 in Fighting
  2809 | D:4      | Reached XP level 7. HP: 44/44 MP: 7/7
  2810 | D:4      | Noticed Menkaure
  2821 | D:4      | Killed Menkaure
  3230 | D:4      | Found an iron altar of Okawaru.
  3433 | D:4      | Became a worshipper of Warmaster Okawaru
  3455 | D:4      | Noticed Eustachio
  3486 | D:3      | Noticed Natasha
  3492 | D:3      | Killed Natasha
  3492 | D:3      | Reached skill level 6 in Maces & Flails
  3749 | D:4      | Noticed Grinder
  3765 | D:4      | Killed Grinder
  3765 | D:4      | Reached skill level 1 in Invocations
  3765 | D:4      | Reached XP level 8. HP: 40/51 MP: 7/9
  4114 | D:4      | Found Owko's Armour Emporium.
  4326 | D:5      | Entered Level 5 of the Dungeon
  4820 | D:5      | Reached skill level 7 in Maces & Flails
  4863 | D:5      | Reached * piety under Okawaru
  5227 | D:5      | Found a staircase to the Ecumenical Temple.
  5236 | Temple   | Entered the Ecumenical Temple
  5669 | D:6      | Reached XP level 9. HP: 56/56 MP: 11/11
  5690 | D:6      | Reached skill level 8 in Maces & Flails
  6100 | D:6      | Killed from afar by an orc priest

Vault maps used:
D:1:      minmay_arrival_radiant_lines, chequers_serial_rivers_large_a
D:2:      first_ration, uniq_sigmund, uniq_jessica, uniq_robin,
          uniq_crazy_yiuf_cottage
D:3:      nemelex_xobeh_ov_fountains_minmay, uniq_natasha
D:4:      serial_shops, kennysheep_mini_moat, okawaru_metal_pillars_1_2,
          uniq_menkaure, uniq_grinder, uniq_eustachio
D:5:      temple_hall, kennysheep_diamond
Temple:   kilobyte_greek_temple

Skill      XL: |  1  2  3  4  5  6  7  8  9 |
---------------+----------------------------+-----
Maces & Flails | 3 4 5 6 7 8 |  8.2
Armour         | 4 5 6 7 |  7.0
Fighting       | 4 5 6 7 |  7.0
Invocations    | 1 3 4 |  4.0
Shields        | |  3.2

Action                   |  1- 3 |  4- 6 |  7- 9 || total
-------------------------+-------+-------+-------++-------
Melee: Flail             |    82 |    93 |   365 ||   540
       Mace              |       |    84 |       ||    84
  Use: Potion            |       |     1 |     1 ||     2
       Scroll            |       |     6 |     6 ||    12
  Eat: Chunk             |       |     6 |    11 ||    17
Armor: Scale mail        |    51 |    37 |    81 ||   169
       Ring mail         |       |    58 |   279 ||   337
Dodge: Dodged            |    38 |    96 |   303 ||   437

Table legend:
 A = Non-vault XP
 B = Vault XP
 C = Vault XP percentage of total XP
 D = Non-vault monster count
 E = Vault monster count
 F = Vault count percentage of total count
                 A         B        C        D         E       F
            +---------+---------+-------+---------+---------+-------
      Total |    2188 |     812 |  27.1 |     130 |      14 |   9.7
            +---------+---------+-------+---------+---------+-------
        D:1 |      70 |       0 |   0.0 |      30 |       0 |   0.0
        D:2 |      57 |     325 |  85.1 |      15 |      10 |  40.0
        D:3 |     157 |      35 |  18.2 |      23 |       1 |   4.2
        D:4 |     323 |     449 |  58.2 |      17 |       2 |  10.5
        D:5 |     829 |       3 |   0.4 |      28 |       1 |   3.4
        D:6 |     752 |       0 |   0.0 |      17 |       0 |   0.0
            +---------+---------+-------+---------+---------+-------
